 Dungeon Crawl Stone Soup version 0.19-a0-1886-gd64a0f0 (webtiles) character file.

2313 Minion the Chopper (level 9, -3/75 HPs)
             Began as a Centaur Fighter on Oct 16, 2016.
             Was an Initiate of the Shining One.
             Slain by an iguana (8 damage)
             ... on level 6 of the Dungeon.
             The game lasted 00:19:18 (7420 turns).

Minion the Chopper (Centaur Fighter)                Turns: 7420, Time: 00:19:20

Health: -3/75      AC:  9    Str: 21    XL:     9   Next: 18%
Magic:  9/9        EV:  9    Int:  7    God:    the Shining One [......]
Gold:   263        SH:  0    Dex: 10    Spells: 0 memorised, 8 levels left

rFire  + . .     SeeInvis .     a - +0 war axe
rCold  + . .     Gourm    .     x - +1 scale mail {rC+}
rNeg   . . .     Faith    .     (no shield)
rPois  .         Spirit   .     (no helmet)
rElec  .         Dismiss  .     (no cloak)
rCorr  .         Reflect  .     o - +0 pair of gloves
MR     .....     Harm     .     (no barding)
Stlth  ..........               E - amulet of rage
                                (no ring)
                                q - ring of protection from fire

@: glowing, very quick
A: hooves 3, deformed body, speed 2, tough skin 3
a: Renounce Religion, Evoke Berserk Rage


You were on level 6 of the Dungeon.
You worshipped the Shining One.
The Shining One was noncommittal.
You were not hungry.

You visited 2 branches of the dungeon, and saw 7 of its levels.
You also visited: Sewer.

You collected 263 gold pieces.

Inventory:

Hand Weapons
 a - a +0 war axe (weapon)
Armour
 o - a +0 pair of gloves (worn)
 x - a +1 scale mail of cold resistance (worn)
Jewellery
 q - a ring of protection from fire (left hand)
 E - an amulet of rage (around neck)
Scrolls
 c - a scroll of fear {unknown}
 e - a scroll of enchant armour {unknown}
 h - 2 scrolls of remove curse
 i - 3 scrolls of identify
 j - a scroll of fog {unknown}
 k - 4 scrolls of magic mapping {unknown}
 l - 4 scrolls of random uselessness {unknown}
 p - a scroll of teleportation {unknown}
 s - a scroll of enchant weapon {unknown}
 G - a scroll of blinking {unknown}
Potions
 d - 3 potions of might
 m - 4 potions of curing
 r - a potion of beneficial mutation {unknown}
 t - a potion of flight {unknown}
 u - 3 potions of lignification
 v - a potion of cure mutation {unknown}
 w - 2 potions of haste {unknown}
 z - 2 potions of brilliance {unknown}
 A - a potion of magic {unknown}
 C - 3 potions of invisibility {unknown}
 F - a potion of agility {unknown}
Books
 y - a book of Misfortune

   Spells                             Type                      Level
   a - Confusing Touch                Hexes                        1
   b - Confuse                        Hexes                        3
   c - Gell's Gravitas                Hexes/Translocation          3
   d - Petrify                        Transmutation/Earth          4
   e - Metabolic Englaciation         Hexes/Ice                    5
   f - Yara's Violent Unravelling     Hexes/Transmutation          5
 D - a book of the Earth

   Spells                             Type                      Level
   a - Leda's Liquefaction            Hexes/Earth                  4
   b - Bolt of Magma                  Conjuration/Fire/Earth       5
   c - Statue Form                    Transmutation/Earth          6
   d - Iron Shot                      Conjuration/Earth            6
   e - Shatter                        Earth                        9
Comestibles
 f - 4 bread rations
 g - 4 meat rations


   Skills:
 + Level 6.1 Fighting
 * Level 7.5 Axes
 + Level 4.5 Armour
 + Level 4.1 Dodging
   Level 2.1 Shields


You had 8 spell levels left.
You didn't know any spells.

Dungeon Overview and Level Annotations

Branches:
Dungeon (6/15)             Temple (1/1) D:6

Altars:
Cheibriados
Dithmenos
Elyvilon
Fedhas
Gozag
Hepliaklqana
Makhleb
Nemelex Xobeh
Okawaru
Qazlal
Ru
Sif Muna
Trog
Uskayaw
Yredelemnul
Zin
The Shining One

Shops:
D:5 =??=


Innate Abilities, Weirdness & Mutations

You have hooves in place of feet.
Armour fits poorly on your strangely shaped body.
You cover ground very quickly.
You have extremely tough skin. (AC +3)


Message History

The water moccasin zombie bites you but does no damage.
You closely miss the water moccasin zombie.
The water moccasin zombie is almost destroyed.
You hit the iguana but do no damage. The iguana bites you.
* * * LOW HITPOINT WARNING * * *
The water moccasin zombie bites you.
* * * LOW HITPOINT WARNING * * *
Items here: (( ) † an arrow; a war axe; 20 stones; an orc corpse You feel better.
The water moccasin zombie bites you.
* * * LOW HITPOINT WARNING * * *
The iguana bites you!
* * * LOW HITPOINT WARNING * * *
You closely miss the water moccasin zombie.
You kick the water moccasin zombie.
The water moccasin zombie is almost destroyed.
You hit the iguana.
The water moccasin zombie barely misses you.
The iguana bites you!
You die...

########§§≈§§# ###
#......#≈§.§§###..
+......'.._§.§.'..
#......#≈§.≈≈###..
.########......#§§≈≈≈# #..
..[..........(.####### ###
.....>...(>(.!..## ####
.!........(.(.............
...(.(..Z@).....##########
......).l.........#
................#.#
................#.#
................# #
................# #
................# ###.##
................. ......
................ #.....


You could see an iguana and a water moccasin zombie.

Vanquished Creatures
  The ghost of Gorice the Poker, an amateur MfIE (D:4)
  Sigmund (D:5)
  Eustachio (D:4)
  The ghost of Naow the Shield-Bearer, an amateur FoFi (Sewer)
  Duvessa (D:4)
  An orc warrior (Temple)
  An ice beast (D:5)
  Purgy (Sewer)
  3 centaurs
  A phantom (D:5)
  Dowan (D:4)
  A hound (D:5)
  A jelly (D:5)
  4 orc priests
  A gnoll shaman (D:6)
  An iron imp (D:5)
  A bullfrog skeleton (D:5)
  7 orc wizards
  A centaur skeleton (D:6)
  2 iguanas (D:5)
  Natasha (thrice) (D:4)
  2 worker ants
  A killer bee zombie (D:5)
  7 adders
  4 gnolls
  An adder zombie (D:5)
  3 worms
  A dart slug (D:3)
  9 leopard geckos
  25 orcs
  14 bats
  9 giant cockroaches
  7 goblins
  4 hobgoblins
  7 jackals
  14 kobolds
  3 quokkas (D:3)
  8 frilled lizards
  A quokka skeleton (D:4)
  7 rats
162 creatures vanquished.

Notes
Turn   | Place    | Note
-------+----------+-------------------------------------------
     0 | D:1      | Minion the Centaur Fighter began the quest for the Orb.
     0 | D:1      | Reached XP level 1. HP: 19/19 MP: 1/1
    90 | D:1      | Reached XP level 2. HP: 22/26 MP: 2/2
   196 | D:1      | Reached skill level 2 in Axes
   485 | D:1      | Reached XP level 3. HP: 26/31 MP: 3/3
   932 | D:2      | Found a faded altar of an unknown god.
  1703 | D:3      | Reached XP level 4. HP: 37/38 MP: 4/4
  1709 | D:3      | Reached skill level 1 in Dodging
  1776 | D:3      | Reached skill level 3 in Axes
  2570 | D:4      | Noticed Gorice's ghost (amateur MfIE)
  2574 | D:4      | Noticed Natasha
  2585 | D:4      | Killed Natasha
  2585 | D:4      | Reached XP level 5. HP: 24/45 MP: 5/5
  2593 | D:3      | HP: 2/45 [something (3)]
  3031 | D:4      | Killed Gorice's ghost
  3031 | D:4      | Reached skill level 4 in Axes
  3031 | D:4      | Reached XP level 6. HP: 23/52 MP: 6/6
  3420 | D:4      | Noticed Natasha
  3435 | D:4      | Killed Natasha
  3707 | D:4      | Reached XP level 7. HP: 56/59 MP: 7/7
  3955 | D:4      | Reached skill level 5 in Axes
  4239 | D:4      | Noticed Natasha
  4252 | D:4      | Killed Natasha
  4873 | D:4      | Noticed Eustachio
  4911 | D:4      | Killed Eustachio
  5126 | D:5      | Entered Level 5 of the Dungeon
  5132 | D:5      | Found a snail-covered altar of Cheibriados.
  5310 | D:5      | Reached XP level 8. HP: 63/67 MP: 8/8
  5319 | D:5      | Noticed Sigmund
  5345 | D:5      | Killed Sigmund
  5345 | D:5      | Reached skill level 5 in Fighting
  5373 | D:5      | Reached skill level 6 in Axes
  5607 | D:5      | Noticed Duvessa
  5607 | D:5      | Noticed Dowan
  5624 | D:4      | Killed Duvessa
  5630 | D:4      | Killed Dowan
  5929 | D:5      | Found Uneluzax's Jewellery Shop.
  5933 | D:5      | Found Kuotuoh's Magic Scroll Shop.
  5933 | D:5      | Found Ehoader's Magic Scroll Shop.
  5933 | D:5      | Found Gosi's Jewellery Shop.
  6217 | D:5      | Found a glowing silver altar of Zin.
  6316 | D:6      | Found a glowing drain.
  6324 | Sewer    | Entered a sewer
  6324 | Sewer    | Noticed Naow's ghost (amateur FoFi)
  6333 | Sewer    | Killed Naow's ghost
  6333 | Sewer    | Reached skill level 7 in Axes
  6388 | Sewer    | Noticed Purgy
  6397 | Sewer    | Killed Purgy
  6712 | D:6      | Found a sparkling altar of Nemelex Xobeh.
  6719 | D:6      | Found a staircase to the Ecumenical Temple.
  6731 | Temple   | Entered the Ecumenical Temple
  6849 | Temple   | Became a worshipper of the Shining One
  6890 | Temple   | Reached XP level 9. HP: 44/75 MP: 9/9
  7420 | D:6      | Slain by an iguana

Vault maps used:
D:1:      matt_arrival_diagonals
D:2:      ecumenical_altar_2, nrook_mini_vaults
D:3:      minmay_misc_feat_four_crosses, serial_bayou_crossing
D:4:      first_bread, uniq_natasha, uniq_eustachio
D:5:      zin_statuary, slow_altar_1, minmay_shop_grid_forest,
          minmay_lizard_king, uniq_duvessa, uniq_sigmund
D:6:      kennysheep_little_box, serial_corexii_hall, corexii_hall_statues_x,
          corexii_hall_statues_l, lightli_sewer_entry_pipes
Temple:   eino_temple_scatter_basement
Sewer:    kennysheep_door_sewer

Skill      XL: |  1  2  3  4  5  6  7  8  9 |
---------------+----------------------------+-----
Axes           | 2 3 4 5 7 |  7.5
Dodging        | 1 2 3 4 |  4.1
Fighting       | 4 5 6 |  6.1
Armour         | 3 4 |  4.5
Shields        | |  2.1

Action                   |  1- 3 |  4- 6 |  7- 9 || total
-------------------------+-------+-------+-------++-------
Melee: War axe           |   118 |   151 |   330 ||   599
       Kick              |    23 |    30 |    80 ||   133
 Abil: Evoke Berserk Rag |       |       |     3 ||     3
  Use: Scroll            |     1 |     1 |     2 ||     4
       Potion            |       |       |     1 ||     1
  Eat: Chunk             |     1 |     4 |     7 ||    12
       Fruit             |       |     3 |       ||     3
       Pizza             |       |       |     3 ||     3
       Royal jelly       |       |       |     1 ||     1
Armor: Scale mail        |    96 |   135 |   229 ||   460
Dodge: Dodged            |    47 |    73 |   147 ||   267
